SAA
ATHLETIC CLUB KC ACADEMY @ SAN BERNARDINO GRASSHOPPERS
06/03/2034
 
TOP OF THE 1ST
Athletic Club KC Academy batting - Pitching for San Bernardino Grasshoppers : RHP Ted Chong
Pitching: RHP Ted Chong
Batting: LHB Jason Ward 0-0: Called Strike
0-1: Ball
1-1: Foul Ball, location: 2F
1-2: Ground out 3-1 (Groundball, 34)
Batting: RHB Travis Murphy 0-0: Called Strike
0-1: Ball
1-1: Ball
2-1: Ball
3-1: Fly out, F6 (Line Drive, 6)
Batting: RHB John Ricks 0-0: Ball
1-0: Foul Ball, location: 2F
1-1: Swinging Strike
1-2: Strikes out swinging
Top of the 1st over - 0 runs, 0 hits, 0 errors, 0 left on base; Athletic Club KC Academy 0 - San Bernardino 0
BOTTOM OF THE 1ST
San Bernardino Grasshoppers batting - Pitching for Athletic Club KC Academy : LHP Owen Estrada
Pitching: LHP Owen Estrada
Batting: RHB John Clark 0-0: Called Strike
0-1: Ball
1-1: Ball
2-1: SINGLE (Groundball, 6M) (infield hit)
Batting: RHB Louie Trimboli 0-0: Fly out, F8 (Line Drive, 8RD)
Batting: RHB Reinaart Manshert 0-0: Called Strike
0-1: Ball
1-1: SINGLE (Line Drive, 4M)
John Clark to second
Batting: RHB Apu Nahasapeemapetilon 0-0: Ball
1-0: Ball
2-0: Ball
3-0: Foul Ball, location: 2F
3-1: Called Strike
3-2: Base on Balls
John Clark to third
Reinaart Manshert to second
Batting: LHB Travis Towns 0-0: Fly out, F7 (Line Drive, 7)
Runner from 3rd tags up, SCORES, throw made
Batting: RHB Howard Lee 0-0: Ball
Reinaart Manshert steals 3rd base
1-0: Fly out, F5 (Popup, 6S)
Bottom of the 1st over - 1 run, 2 hits, 0 errors, 2 left on base; Athletic Club KC Academy 0 - San Bernardino 1
TOP OF THE 2ND
Athletic Club KC Academy batting - Pitching for San Bernardino Grasshoppers : RHP Ted Chong
Batting: RHB Jihan Tuah 0-0: Swinging Strike
0-1: Ball
1-1: Foul Ball, location: 2F
1-2: Strikes out swinging
Batting: RHB Wilton Banks 0-0: Called Strike
0-1: Ball
1-1: Swinging Strike
1-2: Ball
2-2: Foul Ball, location: 2F
2-2: Strikes out swinging
Batting: RHB Mario Truxillo 0-0: Ball
1-0: Ball
2-0: Ground out 1-3 (Groundball, 15)
Top of the 2nd over - 0 runs, 0 hits, 0 errors, 0 left on base; Athletic Club KC Academy 0 - San Bernardino 1
BOTTOM OF THE 2ND
San Bernardino Grasshoppers batting - Pitching for Athletic Club KC Academy : LHP Owen Estrada
Batting: LHB Jesús Hernández 0-0: Called Strike
0-1: Bunted foul
0-2: Ball
1-2: Ball
2-2: Ball
3-2: Foul Ball, location: 2F
3-2: Foul Ball, location: 2F
3-2: Ground out 4-3 (Groundball, 4)
Batting: LHB Weston Doyle 0-0: Ball
1-0: SINGLE (Flyball, 8RS)
Batting: RHB Andy Alderliesten 0-0: Ball
1-0: Swinging Strike
1-1: Ground out 4-3 (Groundball, 34)
Weston Doyle to second
Batting: RHB John Clark 0-0: Ball
1-0: Fly out, F7 (Flyball, 78M)
Bottom of the 2nd over - 0 runs, 1 hit, 0 errors, 1 left on base; Athletic Club KC Academy 0 - San Bernardino 1
TOP OF THE 3RD
Athletic Club KC Academy batting - Pitching for San Bernardino Grasshoppers : RHP Ted Chong
Batting: RHB David Lozano 0-0: Ball
1-0: Called Strike
1-1: Ground out 6-3 (Groundball, 6)
Batting: RHB Ted Hansen 0-0: Ball
1-0: Fly out, F9 (Flyball, 9)
Batting: RHB Lester Wilson 0-0: Ball
1-0: Ball
2-0: Foul Ball, location: 2F
2-1: Foul Ball, location: 2F
2-2: Ball
3-2: Base on Balls
Batting: LHB Jason Ward 0-0: Called Strike
0-1: Called Strike
0-2: Ball
1-2: Strikes out swinging
Top of the 3rd over - 0 runs, 0 hits, 0 errors, 1 left on base; Athletic Club KC Academy 0 - San Bernardino 1
BOTTOM OF THE 3RD
San Bernardino Grasshoppers batting - Pitching for Athletic Club KC Academy : LHP Owen Estrada
Batting: RHB Louie Trimboli 0-0: Ball
1-0: Foul Ball, location: 2F
1-1: Fly out, F9 (Flyball, 9S)
Batting: RHB Reinaart Manshert 0-0: Ball
1-0: Called Strike
1-1: Ball
2-1: Ball
3-1: Foul Ball, location: 2F
3-2: Foul Ball, location: 2F
3-2: Ground out 6-3 (Groundball, 6)
Batting: RHB Apu Nahasapeemapetilon 0-0: Ball
1-0: Foul Ball, location: 2F
1-1: Ground out 5-3 (Groundball, 56)
Bottom of the 3rd over - 0 runs, 0 hits, 0 errors, 0 left on base; Athletic Club KC Academy 0 - San Bernardino 1
TOP OF THE 4TH
Athletic Club KC Academy batting - Pitching for San Bernardino Grasshoppers : RHP Ted Chong
Batting: RHB Travis Murphy 0-0: Called Strike
0-1: Ground out 4-3 (Groundball, 4)
Batting: RHB John Ricks 0-0: Called Strike
0-1: Foul Ball, location: 2F
0-2: Strikes out swinging
Batting: RHB Jihan Tuah 0-0: Ball
1-0: Fly out, F7 (Flyball, 7)
Top of the 4th over - 0 runs, 0 hits, 0 errors, 0 left on base; Athletic Club KC Academy 0 - San Bernardino 1
BOTTOM OF THE 4TH
San Bernardino Grasshoppers batting - Pitching for Athletic Club KC Academy : RHP Tom Clark
Pitching: RHP Tom Clark
Batting: LHB Travis Towns 0-0: Ground out 4-3 (Groundball, 4)
Batting: RHB Howard Lee 0-0: Called Strike
0-1: Foul Ball, location: 2F
0-2: Strikes out looking
Batting: LHB Jesús Hernández 0-0: Called Strike
0-1: Fly out, F7 (Line Drive, 7S)
Bottom of the 4th over - 0 runs, 0 hits, 0 errors, 0 left on base; Athletic Club KC Academy 0 - San Bernardino 1
TOP OF THE 5TH
Athletic Club KC Academy batting - Pitching for San Bernardino Grasshoppers : RHP Ted Chong
Batting: RHB Wilton Banks 0-0: Called Strike
0-1: Called Strike
0-2: Strikes out swinging
Batting: RHB Mario Truxillo 0-0: Called Strike
0-1: Called Strike
0-2: Ball
1-2: Ground out 5-3 (Groundball, 56S)
Batting: RHB David Lozano 0-0: Ball
1-0: Called Strike
1-1: Called Strike
1-2: Ball
2-2: Strikes out swinging
Top of the 5th over - 0 runs, 0 hits, 0 errors, 0 left on base; Athletic Club KC Academy 0 - San Bernardino 1
BOTTOM OF THE 5TH
San Bernardino Grasshoppers batting - Pitching for Athletic Club KC Academy : RHP Tom Clark
Batting: LHB Weston Doyle 0-0: Fly out, F3 (Popup, 34S)
Batting: RHB Andy Alderliesten 0-0: Ball
1-0: Ball
2-0: Ball
3-0: Base on Balls
Batting: RHB John Clark 0-0: Grounds into double play, 6-4-3 (Groundball, 6)
Bottom of the 5th over - 0 runs, 0 hits, 0 errors, 0 left on base; Athletic Club KC Academy 0 - San Bernardino 1
TOP OF THE 6TH
Athletic Club KC Academy batting - Pitching for San Bernardino Grasshoppers : RHP Ted Chong
Batting: RHB Ted Hansen 0-0: Foul Ball, location: 2F
0-1: Ground out U3 (Groundball, 3)
Batting: RHB Lester Wilson 0-0: Fly out, F8 (Line Drive, 8LD)
Batting: LHB Jason Ward 0-0: Called Strike
0-1: Ball
1-1: Foul Ball, location: 2F
1-2: Ball
2-2: Fly out, F8 (Flyball, 8LM)
Top of the 6th over - 0 runs, 0 hits, 0 errors, 0 left on base; Athletic Club KC Academy 0 - San Bernardino 1
BOTTOM OF THE 6TH
San Bernardino Grasshoppers batting - Pitching for Athletic Club KC Academy : RHP Tom Clark
Batting: RHB Louie Trimboli 0-0: Fly out, F8 (Flyball, 8RD)
Batting: RHB Reinaart Manshert 0-0: Foul Ball, location: 2F
0-1: Ball
1-1: Fly out, F9 (Flyball, 9LD)
Batting: RHB Apu Nahasapeemapetilon 0-0: Ball
1-0: Ball
2-0: Fly out, F5 (Popup, 5S)
Bottom of the 6th over - 0 runs, 0 hits, 0 errors, 0 left on base; Athletic Club KC Academy 0 - San Bernardino 1
TOP OF THE 7TH
Athletic Club KC Academy batting - Pitching for San Bernardino Grasshoppers : RHP Ted Chong
Batting: RHB Travis Murphy 0-0: Ball
1-0: Swinging Strike
1-1: Swinging Strike
1-2: DOUBLE (Line Drive, 7LM)
Batting: RHB John Ricks 0-0: Ball
1-0: Ground out 4-3 (Groundball, 4M)
Travis Murphy to third
Batting: RHB Jihan Tuah 0-0: Called Strike
0-1: Ball
1-1: Called Strike
1-2: Fly out, F4 (Popup, 34)
Batting: RHB Wilton Banks 0-0: Fly out, F9 (Line Drive, 9S)
Top of the 7th over - 0 runs, 1 hit, 0 errors, 1 left on base; Athletic Club KC Academy 0 - San Bernardino 1
BOTTOM OF THE 7TH
San Bernardino Grasshoppers batting - Pitching for Athletic Club KC Academy : RHP Tom Clark
Batting: LHB Travis Towns 0-0: Ball
1-0: Ball
2-0: Ball
3-0: Called Strike
3-1: Called Strike
3-2: SINGLE (Flyball, 9S)
Batting: RHB Howard Lee 0-0: Ball
1-0: Called Strike
1-1: Foul Ball, location: 2F
1-2: Strikes out swinging
Batting: LHB Jesús Hernández 0-0: Called Strike
0-1: Ball
1-1: Fly out, F5 (Popup, 25F)
Batting: LHB Weston Doyle 0-0: Ball
1-0: Swinging Strike
1-1: Ball
2-1: Ball
3-1: Ground out 6-3 (Groundball, 6S)
Bottom of the 7th over - 0 runs, 1 hit, 0 errors, 1 left on base; Athletic Club KC Academy 0 - San Bernardino 1
TOP OF THE 8TH
Athletic Club KC Academy batting - Pitching for San Bernardino Grasshoppers : RHP Ted Chong
Now at 3B: Arthur Coonse
Batting: RHB Mario Truxillo 0-0: Ball
1-0: Called Strike
1-1: Called Strike
1-2: Ball
2-2: Foul Ball, location: 2F
2-2: Ground out 6-3 (Groundball, 6)
Batting: RHB David Lozano 0-0: Ball
1-0: Called Strike
1-1: Foul Ball, location: 2F
1-2: Ground out 6-3 (Groundball, 6S)
Pitching: RHP Marcos Mesorana
Batting: RHB Ted Hansen 0-0: Swinging Strike
0-1: Foul Ball, location: 2F
0-2: Strikes out looking
Top of the 8th over - 0 runs, 0 hits, 0 errors, 0 left on base; Athletic Club KC Academy 0 - San Bernardino 1
BOTTOM OF THE 8TH
San Bernardino Grasshoppers batting - Pitching for Athletic Club KC Academy : RHP Tom Clark
Batting: RHB Andy Alderliesten 0-0: Ball
1-0: Foul Ball, location: 2F
1-1: Ball
2-1: Ground out 4-3 (Groundball, 4)
Batting: RHB John Clark 0-0: Called Strike
0-1: Ball
1-1: Ball
2-1: Ball
3-1: Fly out, F8 (Flyball, 78D)
Batting: RHB Louie Trimboli 0-0: Called Strike
0-1: Ground out 5-3 (Groundball, 56)
Bottom of the 8th over - 0 runs, 0 hits, 0 errors, 0 left on base; Athletic Club KC Academy 0 - San Bernardino 1
TOP OF THE 9TH
Athletic Club KC Academy batting - Pitching for San Bernardino Grasshoppers : RHP Marcos Mesorana
Batting: RHB Lester Wilson 0-0: Foul Ball, location: 2F
0-1: SINGLE (Groundball, 6) (infield hit)
Batting: LHB Jason Ward 0-0: Called Strike
0-1: Ball
1-1: Called Strike
1-2: Foul Ball, location: 2F
1-2: Ball
2-2: Ball
3-2: Base on Balls
Lester Wilson to second
Batting: RHB Travis Murphy 0-0: Bunted foul
0-1: Bunted foul
0-2: Ground out U3 (Groundball, 34S)
Lester Wilson to third
Jason Ward to second
Batting: RHB John Ricks 0-0: Fly out, F4 (Popup, 34S)
Batting: RHB Jihan Tuah 0-0: Swinging Strike
0-1: Ball
1-1: Swinging Strike
1-2: Foul Ball, location: 2F
1-2: Foul Ball, location: 2F
1-2: Strikes out swinging
Top of the 9th over - 0 runs, 1 hit, 0 errors, 2 left on base; Athletic Club KC Academy 0 - San Bernardino 1
Friday, March 29th, 2019 - OOTP Baseball 18.8 Build 76